 Dungeon Crawl Stone Soup version 0.20-a0-4-gd166d5d (webtiles) character file.

1474 Firebatgyro the Carver (level 8, -2/56 HPs)
             Began as a Green Draconian Wanderer on Oct 31, 2016.
             Was an Initiate of Hepliaklqana.
             Slain by an iguana (15 damage)
             ... on level 4 of the Dungeon.
             The game lasted 00:08:35 (5230 turns).

Firebatgyro the Carver (Green Draconian Wanderer)   Turns: 5230, Time: 00:08:35

Health: -2/56      AC:  8    Str: 15    XL:     8   Next: 49%
Magic:  9/9        EV:  6    Int: 14    God:    Hepliaklqana [......]
Gold:   116        SH:  0    Dex: 11    Spells: 1 memorised, 8 levels left

rFire  . . .     SeeInvis +     q - +2 long sword (elec)
rCold  . . .     Gourm    .     (armour unavailable)
rNeg   . . .     Faith    .     (no shield)
rPois  +         Spirit   .     (helmet restricted)
rElec  .         Reflect  .     (no cloak)
rCorr  .         Harm     +     o - +0 pair of gloves
MR     .....                    f - +0 pair of boots
Stlth  +.........               r - amulet of harm
                                s - ring of poison resistance
                                i - ring of see invisible

@: held
A: breathe noxious fumes, unfitting armour, reduced essence, poison resistance,
cold-blooded, AC +6
a: Breathe Noxious Fumes, Recall Ancestor, Ancestor Identity, Renounce Religion


You were on level 4 of the Dungeon.
You worshipped Hepliaklqana.
Hepliaklqana was noncommittal.
You were not hungry.

You visited 2 branches of the dungeon, and saw 6 of its levels.

You collected 149 gold pieces.
You spent 33 gold pieces at shops.

Inventory:

Hand Weapons
 a - a +2 falchion
 p - a +1 dagger of venom
 q - a +2 long sword of electrocution (weapon)
Armour
 f - a +0 pair of boots (worn)
 o - a +0 pair of gloves (worn)
Jewellery
 i - a ring of see invisible (left hand)
 n - an uncursed ring of resist corrosion
 r - an amulet of harm (around neck)
 s - a ring of poison resistance (right hand)
Scrolls
 e - a scroll of immolation
 h - a scroll of amnesia
 j - 2 scrolls of remove curse
 k - 2 scrolls of magic mapping
 l - 3 scrolls of identify
 m - a scroll of noise
 w - a scroll of teleportation
Potions
 b - 3 potions of curing
 g - a potion of agility {unknown}
 u - a potion of degeneration {unknown}
 v - a potion of magic {unknown}
 x - a potion of haste {unknown}
Books
 c - the Papyrus of Boosts

   Spells                             Type                      Level
   a - Infusion                       Charms                       1
   b - Spectral Weapon                Hexes/Charms                 3
Comestibles
 d - 3 bread rations
 t - a fruit
 z - a chunk of flesh


   Skills:
 - Level 3.2 Fighting
 + Level 10.5 Long Blades
 - Level 1.0 Stealth
   Level 2.0 Shields
 - Level 1.0 Spellcasting
   Level 1.0 Ice Magic
   Level 1.0 Earth Magic


You had 8 spell levels left.
You knew the following spells:

 Your Spells              Type           Power        Failure   Level  Hunger
a - Infusion              Chrm           #...         30%         1    ##.....


Dungeon Overview and Level Annotations

Branches:
Dungeon (5/15)             Temple (1/1) D:5

Altars:
Ashenzari
Cheibriados
Elyvilon
Fedhas
Gozag
Hepliaklqana
Nemelex Xobeh
Okawaru
Trog
Xom
Yredelemnul

Shops:
D:5 ?

Annotations:
D:5 nepSmug's ghost, novice DDFi


Innate Abilities, Weirdness & Mutations

You can breathe blasts of noxious fumes.
Your lurid green scales are hard. (AC +6)
You cannot fit into any form of body armour.
Your system is resistant to poisons. (rPois)
You are cold-blooded and may be slowed by cold attacks.
Your life essence is reduced. (-10% HP)


Message History

NepSmug's ghost says, "Ah, a second chance to prove myself in battle!"
There is a stone staircase leading up here.
NepSmug's ghost mumbles, "They all look like pillowcases to me..."
You climb upwards.
An iguana comes into view.
There is a stone staircase leading down here.
An iguana is nearby!
The iguana hisses angrily.
The gnoll throws a throwing net.
The throwing net hits you.
You become entangled in the net!
You see here a throwing net.
You struggle against the net.
You struggle against the net.
You struggle against the net.
The gnoll hits you but does no damage.
You rip the net and break free!
The gnoll barely misses you.
The gnoll throws a throwing net.
The throwing net hits you.
You become entangled in the net!
You see here a throwing net.
You tear a large gash into the net.
The iguana bites you!
You die...

#.#.⌠...⌠.#......###...# #.#.####
#.#.......###.##.# #...# #.#.....
#.####'#### #.##.###...# #.#..###
#.#.##...####.##.......# #.#.>###
#.......[...#.##.......###.......
######...##..>..g................
##.#####.................### #.#
###l......#########
#.########@....##
#.............## ###############


You could see an iguana and a gnoll.

Vanquished Creatures
  The ghost of asss the Sneak, a novice OpIE (D:4)
  Sigmund (D:4)
  A sky beast (D:5)
  An ogre (D:4)
  2 howler monkeys
  2 crimson imps (D:5)
  A bullfrog zombie (D:5)
  4 orc wizards
  An orc priest (D:4)
  A hound (D:4)
  3 iguanas
  A bullfrog skeleton (D:5)
  A centaur skeleton (D:4)
  3 worker ants
  2 hound skeletons (D:4)
  6 gnolls
  6 adders
  3 oozes (D:3)
  3 worms
  2 dart slugs
  2 leopard geckos
  18 orcs
  5 bats
  4 giant cockroaches
  5 goblins
  8 hobgoblins
  4 jackals (D:4)
  2 quokkas
  4 frilled lizards
  7 kobolds
  A leopard gecko skeleton (D:4)
  A quokka skeleton (D:5)
  7 rats
113 creatures vanquished.

Vanquished Creatures (collateral kills)
  A gnoll sergeant (D:5)
  A gnoll (D:5)
2 creatures vanquished.

Vanquished Creatures (others)
  An ancestor (D:5)
  A kobold (D:1)
  A plant (D:4)
3 creatures vanquished.

Grand Total: 118 creatures vanquished

Notes
Turn   | Place    | Note
-------+----------+-------------------------------------------
     0 | D:1      | Firebatgyro the Draconian Wanderer began the quest for the Orb.
     0 | D:1      | Firebatgyro set off with: a +2 falchion, a potion of curing, the Papyrus of Boosts, a bread ration
     0 | D:1      | Reached XP level 1. HP: 19/19 MP: 2/2
     0 | D:1      | Identified the Papyrus of Boosts
     2 | D:1      | Learned a level 1 spell: Infusion
   276 | D:1      | Found a shattered altar of Ashenzari.
   376 | D:1      | Reached skill level 2 in Long Blades
   423 | D:1      | Reached XP level 2. HP: 26/26 MP: 3/3
   847 | D:2      | Reached skill level 3 in Long Blades
   849 | D:2      | Reached XP level 3. HP: 30/31 MP: 4/4
  1665 | D:3      | Reached XP level 4. HP: 29/38 MP: 5/5
  1773 | D:3      | Reached skill level 4 in Long Blades
  2432 | D:3      | Reached XP level 5. HP: 45/45 MP: 4/6
  2688 | D:3      | Reached skill level 5 in Long Blades
  2697 | D:3      | Found a blossoming altar of Fedhas.
  2942 | D:4      | Noticed Sigmund
  3137 | D:4      | Reached skill level 6 in Long Blades
  3137 | D:4      | Reached XP level 6. HP: 31/51 MP: 7/7
  3375 | D:4      | Found a snail-covered altar of Cheibriados.
  4050 | D:4      | Found a bloodstained altar of Trog.
  4086 | D:4      | Reached skill level 7 in Long Blades
  4109 | D:4      | Noticed asss's ghost (novice OpIE)
  4146 | D:3      | Your scales start taking on a lurid green colour.
  4146 | D:3      | Reached XP level 7. HP: 29/57 MP: 8/8
  4146 | D:3      | Gained mutation: Your system is resistant to poisons. (rPois) [Green Draconian growth]
  4303 | D:4      | Killed asss's ghost
  4303 | D:4      | Reached skill level 8 in Long Blades
  4639 | D:4      | Found an opulent altar of Gozag.
  4640 | D:4      | Found an iron altar of Okawaru.
  4642 | D:4      | Found a shimmering altar of Xom.
  4712 | D:4      | Killed Sigmund
  4712 | D:4      | Reached skill level 9 in Long Blades
  4712 | D:4      | Reached XP level 8. HP: 48/63 MP: 9/9
  4757 | D:5      | Entered Level 5 of the Dungeon
  4947 | D:5      | Reached skill level 10 in Long Blades
  4962 | D:5      | Found a staircase to the Ecumenical Temple.
  4970 | D:5      | Found Zoaz's Magic Scroll Shop.
  4977 | Temple   | Entered the Ecumenical Temple
  4981 | Temple   | Became a worshipper of Hepliaklqana the Forgotten
  4996 | D:5      | Bought a scroll of teleportation for 33 gold pieces
  5188 | D:5      | Noticed nepSmug's ghost (novice DDFi)
  5230 | D:4      | Slain by an iguana

Vault maps used:
D:1:      shiori_arrival_oz, evilmike_ruin_ashenzari
D:2:      first_bread
D:3:      fedhas_altar_1
D:4:      grunt_temple_overflow_open, serial_forest, infiniplex_forest_corner_1,
          infiniplex_forest_straight_2, infiniplex_forest_corner_2,
          infiniplex_forest_lined_1, infiniplex_forest_end_1,
          infiniplex_forest_clump_medium, infiniplex_forest_lined_3,
          infiniplex_forest_clump_tiny, minmay_fountain_box, uniq_sigmund
D:5:      serial_shops, shop_fountains, minmay_crystal_water, tgw_sif,
          uniq_eustachio
Temple:   pf_slimified_temple

Skill      XL: |  1  2  3  4  5  6  7  8 |
---------------+-------------------------+-----
Long Blades    | 2 3 4 6 7 9 10 | 10.5
Fighting       | |  3.2
Stealth        | |  1.0
Shields        | |  2.0
Spellcasting   | |  1.0
Ice Magic      | |  1.0
Earth Magic    | |  1.0

Action                   |  1- 3 |  4- 6 |  7- 9 || total
-------------------------+-------+-------+-------++-------
Melee: Falchion          |    98 |   171 |       ||   269
       Tailslap          |     8 |    21 |     7 ||    36
       Long sword        |       |    34 |    72 ||   106
Throw: Throwing net      |       |     1 |       ||     1
 Cast: Infusion          |     3 |     4 |       ||     7
Invok: Recall Ancestor   |       |       |     1 ||     1
 Abil: Breathe Noxious F |       |       |     4 ||     4
  Use: Scroll            |       |     8 |       ||     8
 Stab: Sleeping          |     2 |     5 |       ||     7
       Held in net/web   |       |     2 |       ||     2
       Confused          |       |       |     1 ||     1
  Eat: Chunk             |     3 |     8 |     4 ||    15
Armor: Skin              |    24 |    56 |    23 ||   103
Dodge: Dodged            |    61 |   113 |    45 ||   219
       Rpst.: Falchion   |    20 |    26 |       ||    46
       Long sword        |       |     8 |    13 ||    21
